 Dungeon Crawl Stone Soup version 0.28-a0-1087-gf3fc490d9d (webtiles) character file.

Game seed: 217225220700515452

617 bande the Chopper (level 7, -8/44 HPs)
             Began as a Gargoyle Fighter on Dec 11, 2021.
             Mangled by an iguana (10 damage)
             ... on level 5 of the Dungeon.
             The game lasted 00:08:30 (4035 turns).

bande the Chopper (Gargoyle Fighter)                Turns: 4035, Time: 00:08:30

Health: -8/44      AC: 13    Str: 20    XL:     7   Next: 45%
Magic:  0/7        EV:  9    Int:  8    God:
Gold:   177        SH:  6    Dex: 11    Spells: 6/6 levels left

rFire   . . .      SeeInvis +   a - +0 war axe
rCold   . . .      Faith    .   c - +1 buckler
rNeg    + . .      Spirit   +   b - +0 scale mail
rPois   ∞          Reflect  .   (no helmet)
rElec   +          Harm     .   g - +0 cloak
rCorr   .          Rampage  .   (no gloves)
Will    .....                   (no boots)
Stlth   ..........              i - amulet of guardian spirit
HPRegen 0.14/turn               l - ring of see invisible
MPRegen 0.10/turn               m - +4 ring of slaying

@: no status effects
A: sickness immunity, AC +4, negative energy resistance 1, electricity
resistance, torment resistance 1, petrification resistance
a: no special abilities


You were on level 5 of the Dungeon.
You visited 1 branch of the dungeon, and saw 7 of its levels.

You collected 177 gold pieces.

Inventory:

Hand Weapons
 a - a +0 war axe (weapon)
Armour
 b - a +0 scale mail (worn)
 c - a +1 buckler (worn)
 g - a +0 cloak (worn)
Jewellery
 i - an amulet of guardian spirit (around neck)
 l - a ring of see invisible (left hand)
 m - a +4 ring of slaying (right hand)
Scrolls
 f - 2 scrolls of enchant armour
Potions
 d - a potion of might
 e - 2 potions of flight
 h - a potion of curing
 j - a potion of berserk rage
 k - a potion of heal wounds
 n - a potion of haste
 o - a potion of brilliance {unknown}


   Skills:
 + Level 4.9 Fighting
 + Level 5.2 Axes
 + Level 5.0 Armour
 + Level 4.5 Shields


You had 6 spell levels left.
You didn't know any spells.
Your spell library contained the following spells:

 Spells                   Type           Power      Damage    Failure   Level
 Freeze                   Ice            0%         1d3       75%         1
 Scorch                   Fire           0%         2d5       87%         2
 Static Discharge         Conj/Air       0%         N/A       87%         2
 Frozen Ramparts          Ice            0%         1d2       98%         3
 Dispel Undead            Necr           0%         3d6       100%        4
 Flame Wave               Conj/Fire      0%         2d4       100%        4
 Hailstorm                Conj/Ice       0%         3d3       100%        4
 Sticky Flame             Conj/Fire      0%         2d3       100%        4
 Summon Cactus Giant      Summ           0%         N/A       100%        6


Dungeon Overview and Level Annotations

Branches:
Dungeon (7/15)
 Temple: D:4-7

Altars:
Vehumet

Shops:
D:3 =

Annotations:
D:3 1 runed translucent door, ytrimaz's ghost, novice DjGl


Innate Abilities, Weirdness & Mutations

You are immune to sickness and miasma.
Your stone body is resilient. (AC +4)
You are immune to poison.
You resist negative energy. (rN+)
You are resistant to electric shocks. (rElec)
You are resistant to unholy torment.
You are immune to petrification.


Message History

The gnoll is almost dead.
You barely miss the iguana. x2; You barely miss the gnoll shaman.
The iguana hisses menacingly.
The iguana bites you. The gnoll hits you with a +0 flail.
You block the gnoll's attack. The gnoll shaman barely misses you.
You block the iguana's attack. The gnoll barely misses you.
You hit the gnoll.
You kill the gnoll!
You closely miss the iguana. You slash the iguana! You hit the gnoll shaman.
The iguana bites you but does no damage.
The gnoll hits you from afar with a +0 spear.
The gnoll shaman hits you with a +0 club.
The gnoll hits you from afar with a +0 halberd.
You block the iguana's attack.
Found a ring mail.
The iguana closely misses you. The gnoll hits you but does no damage.
The gnoll shaman barely misses you. You block the iguana's attack.
The gnoll hits you with a +0 halberd.
Things that are here:
a +0 flail; a gnoll corpse Unknown command.
The iguana bites you but does no damage.
The gnoll hits you from afar with a +0 spear.
The gnoll shaman hits you with a +0 club.
The iguana bites you but does no damage.
The gnoll hits you with a +0 spear.
* * * LOW HITPOINT WARNING * * *
The iguana bites you but does no damage.
The gnoll hits you with a +0 halberd!
* * * LOW HITPOINT WARNING * * *
Unknown command.
You slash the gnoll!
You kill the gnoll!
You slash the gnoll! You slash the gnoll shaman! You barely miss the iguana.
You hit the iguana.
The iguana bites you but does no damage.
The gnoll shaman calls upon its god to heal the gnoll.
The gnoll is healed somewhat.
The iguana bites you.
* * * LOW HITPOINT WARNING * * *
The gnoll barely misses you. The iguana bites you!
You die...

#.....# #.....#
#.....######
#...........
#...........
######...........
.......>......(..
.#####..ll.......
+..g@)......
#..g........
#...........
#...........
#...........
#.....$.....
#####.[.....
.......


You could see a gnoll shaman, 2 iguanas and a gnoll.

Vanquished Creatures
  An ice beast (D:7)
  A black bear (D:7)
  An ogre (D:7)
  A bullfrog (D:7)
  A jelly (D:7)
  A hound (D:7)
  An orc priest (D:3)
  A centaur skeleton (D:7)
  An orc wizard (D:7)
  2 gnolls (D:5)
  3 adders
  A shadow imp (D:7)
  A white imp (D:7)
  2 ufetubi
  2 worms (D:2)
  A dart slug (D:2)
  7 orcs
  6 endoplasms
  3 giant cockroaches
  6 goblins
  2 hobgoblins
  2 quokkas
  3 ball pythons
  10 bats
  3 frilled lizards
  7 kobolds
  5 rats
75 creatures vanquished.

Vanquished Creatures (others)
  3 plants (D:4)
3 creatures vanquished.

Grand Total: 78 creatures vanquished

Notes
Turn   | Place    | Note
-------+----------+-------------------------------------------
     0 | D:1      | bande the Gargoyle Fighter began the quest for the Orb.
     0 | D:1      | Reached XP level 1. HP: 14/14 MP: 1/1
   151 | D:1      | Reached XP level 2. HP: 19/19 MP: 2/2
   214 | D:1      | Found a faded altar of an unknown god.
   698 | D:1      | Reached XP level 3. HP: 24/24 MP: 3/3
  1528 | D:2      | Reached XP level 4. HP: 29/29 MP: 4/4
  2419 | D:3      | Found a runed translucent door.
  2419 | D:3      | Found Lotz's Jewellery Emporium.
  2854 | D:3      | Reached XP level 5. HP: 9/33 MP: 0/5
  3275 | D:3      | Noticed ytrimaz's ghost (novice DjGl)
  3381 | D:4      | You fall into a shaft and drop 3 floors!
  3381 | D:7      | Noticed an ice beast
  3401 | D:7      | Killed an ice beast
  3402 | D:7      | Reached XP level 6. HP: 15/39 MP: 2/6
  3667 | D:7      | Noticed a black bear
  3675 | D:7      | Killed a black bear
  3821 | D:7      | Reached XP level 7. HP: 44/44 MP: 7/7
  3868 | D:7      | Found a radiant altar of Vehumet.
  3887 | D:7      | Reached skill level 5 in Axes
  3887 | D:7      | Reached skill level 5 in Armour
  4023 | D:5      | Entered Level 5 of the Dungeon
  4035 | D:5      | HP: 2/44 [iguana (1)]
  4035 | D:5      | Mangled by an iguana

Illustrated notes

Levels and vault maps discovered:
D:1:      zaba_arrival_water, layout_basic, basic_ecumenical_altar,
          minmay_misc_feat_ornament, grunt_decor_resistance,
          chequers_decorated_corner
D:2:      layout_basic, serial_corexii_hall, chequers_hall_statues_corner_a,
          corexii_hall_statues_s, corexii_hall_statues_l, minmay_fountain_box,
          kennysheep_another_room
D:3:      layout_basic, ebering_ghost_sewer_d, serial_shops, nicolae_shop_trees,
          moated_statue
D:4:      kennysheep_the_goblin_king, layout_loops_ring,
          minmay_temple_entry_wispy, serial_forest,
          infiniplex_forest_straight_2, infiniplex_forest_lined_room_,
          infiniplex_forest_lined_ring, infiniplex_forest_straight_5,
          infiniplex_forest_end_2, infiniplex_forest_clump_cross,
          infiniplex_forest_end_2, infiniplex_forest_straight_2,
          ebering_ghost_gozag, gup_sewer_entry_glass
D:5:      layout_basic
D:6:      layout_loops_cross, uniq_blork_the_orc, uniq_eustachio
D:7:      layout_basic, nicolae_vehumet_radiance

Skill      XL: |  1  2  3  4  5  6  7 |
---------------+----------------------+-----
Axes           | 2 3 4 5 |  5.2
Armour         | 4 5 |  5.0
Fighting       | 4 |  4.9
Shields        | 4 |  4.5

Action                   |  1- 3 |  4- 6 |  7- 9 || total
-------------------------+-------+-------+-------++-------
Melee: War axe           |   127 |    85 |    26 ||   238
  Use: Potion            |       |     2 |       ||     2
       Scroll            |       |     4 |     1 ||     5
Armor: Scale mail        |   108 |    57 |    30 ||   195
Dodge: Dodged            |    82 |    54 |    23 ||   159
Block: Buckler           |    29 |    29 |    10 ||    68

Table legend: (Time is in decaauts)
 A = Elapsed time spent in this place.
 B = Non-inter-level travel time spent in this place.
 C = Inter-level travel time spent in this place.
 D = Time resting spent in this place.
 E = Time spent auto-exploring this place.
 F = Levels seen in this place.
 G = Mean time per level.
                   A        B        C        D        E       F      G
               +--------+--------+--------+--------+--------+-----+--------+
         Total |   4126 |   4061 |     65 |    215 |   3138 |   7 |  589.4 |
       Dungeon |   4126 |   4061 |     65 |    215 |   3138 |   7 |  589.4 |
               +--------+--------+--------+--------+--------+-----+--------+

Top non-repeatable levels by time:
     D:2: 1213 daAuts
     D:3: 1106 daAuts
     D:1: 1073 daAuts
     D:7: 619 daAuts
     D:4: 64 daAuts
     D:6: 35 daAuts
     D:5: 13 daAuts
